 Dungeon Crawl Stone Soup version 0.23-a0-395-gcf17ac6c65 (webtiles) character file.

22 PikkenKukken the Magician (level 2, -2/20 HPs)
             Began as a Gnoll Wizard on Nov 1, 2018.
             Slain by a gnoll
             ... wielding a cursed -2 spear
              (6 damage)
             ... on level 2 of the Dungeon.
             The game lasted 00:02:22 (697 turns).

PikkenKukken the Magician (Gnoll Wizard)             Turns: 697, Time: 00:02:22

Health: -2/20      AC:  3    Str:  9    XL:     2   Next: 91%
Magic:  2/10       EV: 14    Int: 20    God:
Gold:   69         SH:  0    Dex: 13    Spells: 10/15 levels left

rFire    . . .     SeeInvis .   (no weapon)
rCold    . . .     Gourm    .   (no shield)
rNeg     . . .     Faith    .   a - +0 robe
rPois    .         Spirit   .   b - +1 hat
rElec    .         Reflect  .   (no cloak)
rCorr    .         Harm     .   (no gloves)
MR       .....                  (no boots)
Stlth    +++.......             (no amulet)
HPRegen  0.06/turn              (no ring)
MPRegen  0.12/turn              (no ring)

@: no status effects
A: distributed training, fangs 1, strong nose
a: no special abilities


You were on level 2 of the Dungeon.
You were not hungry.

You visited 1 branch of the dungeon, and saw 2 of its levels.

You collected 69 gold pieces.

Inventory:

Armour
 a - a +0 robe (worn)
 b - a +1 hat (worn)
Jewellery
 g - an uncursed amulet of the gourmand {unknown}
Potions
 c - 3 potions of curing
 h - a potion of agility {unknown}
Comestibles
 d - 3 rations
 f - 4 chunks of flesh


   Skills:
 + Level 0.5 Fighting
 + Level 0.5 Short Blades
 + Level 0.5 Long Blades
 + Level 0.5 Axes
 + Level 0.5 Maces & Flails
 + Level 0.5 Polearms
 + Level 0.5 Staves
 + Level 0.5 Slings
 + Level 0.5 Bows
 + Level 0.5 Crossbows
 + Level 0.5 Throwing
 + Level 0.5 Armour
 + Level 4.5 Dodging
 + Level 4.1 Stealth
 + Level 0.5 Shields
 + Level 0.5 Unarmed Combat
 + Level 7.1 Spellcasting
 + Level 2.0 Conjurations
 + Level 0.4 Hexes
 + Level 0.4 Charms
 + Level 2.0 Summonings
 + Level 0.4 Necromancy
 + Level 2.0 Translocations
 + Level 0.4 Transmutations
 + Level 0.4 Fire Magic
 + Level 0.4 Ice Magic
 + Level 0.4 Air Magic
 + Level 0.4 Earth Magic
 + Level 0.4 Poison Magic
 + Level 0.7 Invocations
 + Level 0.5 Evocations


You had 10 spell levels left.
You knew the following spells:

 Your Spells              Type           Power        Failure   Level  Hunger
a - Magic Dart            Conj           ###.         4%          1    None
b - Call Imp              Summ           ###.....     6%          2    None
c - Blink                 Tloc           N/A          6%          2    None

Your spell library contained the following spells:

 Spells                   Type           Power        Failure   Level  Hunger
 Slow                     Hex            #.......     12%         2    None
 Conjure Flame            Conj/Fire      ##......     17%         3    #......
 Mephitic Cloud           Conj/Pois/Air  ##......     19%         3    #......


Dungeon Overview and Level Annotations

Branches:
Dungeon (2/15)

Altars:


Innate Abilities, Weirdness & Mutations

Your experience applies equally to all skills.
You have very sharp teeth.
Your uncanny sense of smell can sniff out nearby items.


Message History

It is a scroll of identify.
c - 3 potions of curing The bat completely misses you.
The bat barely misses you. The goblin barely misses you.
The gnoll completely misses you.
You barely miss the bat. The bat hits you but does no damage.
A kobold comes into view.
The goblin misses you. The bat hits you but does no damage.
The gnoll hits you with a +0 club. The goblin hits you but does no damage.
The frilled lizard bites you.
Found a scroll of identify.
The gnoll shouts!
You hit the bat but do no damage. The bat hits you but does no damage.
The gnoll hits you. The goblin hits you. The gnoll hits you with a +0 club!
* * * LOW HITPOINT WARNING * * *
The frilled lizard closely misses you. The bat closely misses you.
The bat completely misses you.
Your crimson imp hits the gnoll but does no damage.
The gnoll hits you from afar with a cursed -2 spear.
You die...

######.......# ... ##
######.......#.... ..
#..(.g.gg)........
####.##g####.5†.........
#......5.# #............
#.....$.g##########.....
#.......l....##### .####
#.......gbg......# #
#.......bg@......#
.#.#.....g........
#..K.##.g.......#
................. ∆
.....##.......... ....
#.......... .
.....?..... ######......


You could see 6 gnolls, a goblin, 2 bats, a kobold, a frilled lizard and a
friendly crimson imp.

Vanquished Creatures
  An ooze (D:1)
  3 giant cockroaches (D:1)
  2 hobgoblins
  A kobold (D:2)
  3 bats (D:1)
  2 frilled lizards (D:1)
  A goblin (D:2)
  3 rats (D:1)
16 creatures vanquished.

Vanquished Creatures (collateral kills)
  A worm (D:2)
1 creature vanquished.

Grand Total: 17 creatures vanquished

Notes
Turn   | Place    | Note
-------+----------+-------------------------------------------
     0 | D:1      | PikkenKukken the Gnoll Wizard began the quest for the Orb.
     0 | D:1      | Reached XP level 1. HP: 13/13 MP: 8/8
   112 | D:1      | Reached XP level 2. HP: 19/19 MP: 7/10
   259 | D:1      | Learned a level 2 spell: Call Imp
   262 | D:1      | Learned a level 2 spell: Blink
   697 | D:2      | Slain by a gnoll

Vault maps used:
D:1:      dpeg_arrival_round_b
D:2:      first_ration, uniq_natasha

Skill      XL: |  1 |
---------------+----+-----
Conjurations   | 2 |  2.0
Summonings     | 2 |  2.0
Translocations | 2 |  2.0
Fighting       | |  0.5
Short Blades   | |  0.5
Long Blades    | |  0.5
Axes           | |  0.5
Maces & Flails | |  0.5
Polearms       | |  0.5
Staves         | |  0.5
Slings         | |  0.5
Bows           | |  0.5
Crossbows      | |  0.5
Throwing       | |  0.5
Armour         | |  0.5
Dodging        | |  4.5
Stealth        | |  4.1
Shields        | |  0.5
Unarmed Combat | |  0.5
Spellcasting   | |  7.1
Hexes          | |  0.4
Charms         | |  0.4
Necromancy     | |  0.4
Transmutations | |  0.4
Fire Magic     | |  0.4
Ice Magic      | |  0.4
Air Magic      | |  0.4
Earth Magic    | |  0.4
Poison Magic   | |  0.4
Invocations    | |  0.7
Evocations     | |  0.5

Action                   || total
-------------------------++-------
Melee: Unarmed           ||     2
 Cast: Magic Dart        ||    47
       Call Imp          ||     2
  Use: Scroll            ||     4
Armor: Robe              ||     5
Dodge: Dodged            ||    15

Table legend:
 A = Non-vault XP
 B = Vault XP
 C = Vault XP percentage of total XP
 D = Non-vault monster count
 E = Vault monster count
 F = Vault count percentage of total count
                 A         B        C        D         E       F
            +---------+---------+-------+---------+---------+-------
      Total |      32 |       0 |   0.0 |      17 |       0 |   0.0
            +---------+---------+-------+---------+---------+-------
        D:1 |      24 |       0 |   0.0 |      13 |       0 |   0.0
        D:2 |       8 |       0 |   0.0 |       4 |       0 |   0.0
            +---------+---------+-------+---------+---------+-------
